 Dungeon Crawl Stone Soup version 0.19.1-1-g22dce08 (webtiles) character file.

1747 Jerry the Covered (level 8, 0/58 HPs)
             Began as a Mummy Fighter on Jan 10, 2017.
             Slain by a hippogriff (1 damage)
             ... on level 6 of the Dungeon.
             The game lasted 00:13:57 (8172 turns).

Jerry the Covered (Mummy Fighter)                   Turns: 8172, Time: 00:13:57

Health: 0/58       AC: 10    Str: 19    XL:     8   Next: 78%
Magic:  8/8        EV: 10    Int:  9    God:
Gold:   281        SH:  0    Dex: 14    Spells: 0 memorised, 7 levels left

rFire  x . .     SeeInvis +     m - +5 dagger "Dut Gum" {speed, Int+2}
rCold  + . .     Gourm    .     q - +0 chain mail
rNeg   + + +     Faith    .     (no shield)
rPois  ∞         Spirit   .     (no helmet)
rElec  .         Reflect  .     (no cloak)
rCorr  +         Harm     .     (no gloves)
MR     +....                    (no boots)
Stlth  ..........               (no amulet)
                                k - ring of see invisible
                                n - ring of resist corrosion

@: no status effects
A: no food or potions, fire vulnerability, cold resistance 1, negative energy
resistance 3, torment resistance, unbreathing
a: no special abilities


You were on level 6 of the Dungeon.
You were not hungry.

You visited 2 branches of the dungeon, and saw 7 of its levels.

You collected 281 gold pieces.

Inventory:

Hand Weapons
 a - a +0 long sword
 m - the +5 dagger "Dut Gum" (weapon) {speed, Int+2}
   (You found it on level 6 of the Dungeon)

   Attacks with this weapon are significantly faster.
   It affects your intelligence (+2).
Missiles
 h - 3 poisoned javelins (quivered)
Armour
 b - a +0 buckler
 c - a +0 shield
 l - a +2 ring mail of poison resistance
 q - a +0 chain mail (worn)
Jewellery
 k - a ring of see invisible (right hand)
 n - a ring of resist corrosion (left hand)
Wands
 d - a wand of acid (7/15)
 o - a wand of acid (7/15)
 p - a wand of iceblast (7/15)
Scrolls
 e - 2 scrolls of enchant weapon
 f - a scroll of remove curse
 g - 5 scrolls of amnesia {unknown}
 i - 2 scrolls of teleportation {unknown}
 j - 3 scrolls of recharging {unknown}
 r - a scroll of magic mapping {unknown}


   Skills:
 - Level 3.0 Fighting
 + Level 5.8 Long Blades
 + Level 5.9 Armour
 + Level 5.1 Dodging
 - Level 2.4 Shields


You had 7 spell levels left.
You didn't know any spells.

Dungeon Overview and Level Annotations

Branches:
Dungeon (6/15)             Temple (1/1) D:4

Altars:
Ashenzari
Cheibriados
Dithmenos
Elyvilon
Fedhas
Hepliaklqana
Kikubaaqudgha
Makhleb
Okawaru
Qazlal
Sif Muna
Trog
Uskayaw
Vehumet
Xom
Yredelemnul
Zin
The Shining One


Innate Abilities, Weirdness & Mutations

You do not eat or drink.
Your flesh is vulnerable to fire.
You are immune to poison.
Your flesh is cold resistant. (rC+)
You are immune to negative energy. (rN+++)
You are immune to unholy pain and torment.
You can survive without breathing.


Message History

The hippogriff is severely wounded.
The hippogriff closely misses you. The hippogriff barely misses you.
The hippogriff claws you.
* * * LOW HITPOINT WARNING * * *
You barely miss the hippogriff.
The hippogriff is severely wounded.
You hit the hippogriff but do no damage.
The hippogriff is severely wounded.
The hippogriff bites you.
* * * LOW HITPOINT WARNING * * *
The hippogriff closely misses you. The hippogriff claws you.
* * * LOW HITPOINT WARNING * * *
You hit the hippogriff.
The hippogriff is severely wounded.
You hit the hippogriff.
The hippogriff is severely wounded.
The hippogriff bites you.
* * * LOW HITPOINT WARNING * * *
The hippogriff pecks you.
You die...

######### ##8.....8##
#.........##
......H@...## #.
#......≈......## #.#
#.....≈≈§≈≈.....##
#.##.....≈≈###§≈.....##
#.#8....≈≈# ##≈≈....8#
#.#....≈≈# ##≈≈....#
#.'....≈# ##§....#
#.'...≈§# #§§...#
#.'....≈## ##§§...#


You could see a hippogriff.

Vanquished Creatures
  A hungry ghost (D:5)
  A phantom (D:5)
  5 ogres
  A gnoll sergeant (D:3)
  3 scorpions
  2 howler monkeys
  2 hounds (D:4)
  7 orc wizards
  4 orc priests
  A bullfrog skeleton (D:4)
  2 iguanas
  3 worker ants
  A hound skeleton (D:5)
  8 gnolls
  6 adders
  2 worms
  5 dart slugs
  6 leopard geckos
  30 orcs
  4 ball pythons
  10 bats
  2 giant cockroaches
  3 goblins
  11 hobgoblins
  5 jackals
  7 kobolds
  A quokka (D:5)
  6 frilled lizards
  A leopard gecko skeleton (D:6)
  2 quokka skeletons (D:5)
  8 rats
150 creatures vanquished.

Vanquished Creatures (others)
  An orc wizard (D:4)
1 creature vanquished.

Grand Total: 151 creatures vanquished

Notes
Turn   | Place    | Note
-------+----------+-------------------------------------------
     0 | D:1      | Jerry the Mummy Fighter began the quest for the Orb.
     0 | D:1      | Reached XP level 1. HP: 18/18 MP: 1/1
   313 | D:1      | Reached XP level 2. HP: 24/24 MP: 2/2
   575 | D:1      | Reached skill level 1 in Dodging
   805 | D:1      | Reached XP level 3. HP: 29/29 MP: 3/3
  1544 | D:3      | Reached XP level 4. HP: 32/35 MP: 4/4
  1644 | D:3      | Found a faded altar of an unknown god.
  1649 | D:3      | Found a hide-covered altar of Uskayaw.
  1651 | D:3      | Noticed a dagger
  1651 | D:3      | Noticed a dagger
  1677 | D:3      | Reached XP level 5. HP: 31/41 MP: 5/5
  2690 | D:4      | Noticed an ogre
  2736 | D:3      | Reached XP level 6. HP: 7/47 MP: 6/6
  3778 | D:3      | Reached XP level 7. HP: 28/52 MP: 7/7
  4343 | D:4      | Found a staircase to the Ecumenical Temple.
  4354 | Temple   | Entered the Ecumenical Temple
  5819 | D:5      | Entered Level 5 of the Dungeon
  5907 | D:4      | Reached skill level 5 in Armour
  5907 | D:4      | Reached XP level 8. HP: 46/58 MP: 8/8
  5982 | D:4      | Reached skill level 5 in Long Blades
  6985 | D:5      | Found a blossoming altar of Fedhas.
  6986 | D:5      | Found an iron altar of Okawaru.
  7671 | D:5      | Reached skill level 5 in Dodging
  7710 | D:6      | Got a transparent dagger
  7711 | D:6      | Identified the +5 dagger "Dut Gum" {speed, Int+2} (You found it on level 6 of the Dungeon)
  7731 | D:6      | Found a basalt altar of Yredelemnul.
  8063 | D:6      | Noticed a hippogriff
  8172 | D:6      | HP: 1/58 [hippogriff (2)]
  8172 | D:6      | Slain by a hippogriff

Skill      XL: |  1  2  3  4  5  6  7  8 |
---------------+-------------------------+-----
Long Blades    | 2 3 4 5 |  5.8
Dodging        | 1 2 3 4 5 |  5.1
Armour         | 3 4 5 |  5.9
Fighting       | |  3.0
Shields        | |  2.4

Action                   |  1- 3 |  4- 6 |  7- 9 || total
-------------------------+-------+-------+-------++-------
Melee: Long sword        |   143 |   169 |   307 ||   619
       Dagger            |       |       |    82 ||    82
  Use: Scroll            |       |       |     4 ||     4
Armor: Scale mail        |   108 |    63 |       ||   171
       Ring mail         |       |    28 |    83 ||   111
       Chain mail        |       |       |    24 ||    24
Dodge: Dodged            |   120 |    92 |   225 ||   437
       Rpst.: Long sword |    38 |    30 |    72 ||   140
